Map: Winter's Gate LE

Players

Mez

  • Race: Terran Terran
  • League: Master
  • Spawn Location: 11:00

A.I. 1 (Very Easy) - Winner!

  • Race: Protoss Protoss
  • Spawn Location: 5:00

VOD

Have the link to the VOD?

Description

Time

  • Played on: Aug. 26, 2019, 10:49 p.m.
  • Length: 4:54
Show
View Real Time Build Order
Export as new Build Order

Mez Terran 

Build Orders: Liberator Opening 

Get SALT Encoding   

  12  0:01  SCV  
  13  0:13  SCV  
  14  0:17  Supply Depot  
  14  0:25  SCV  
  15  0:38  Refinery, SCV  
  16  0:44  Barracks  
  16  0:51  SCV  
  17  1:03  SCV  
  18  1:15  SCV  
  19  1:32  Orbital Command, Reaper  
  20  1:51  Bunker  
  20  1:58  Bunker  
  20  2:01  Supply Depot x2  
  20  2:04  Marine  
  20  2:08  Factory  
  22  2:18  SCV  
  22  2:19  Refinery  
  22  2:29  Marine  
  23  2:37  SCV  
  24  2:49  SCV  
  24  2:55  Starport  
  24  2:57  Factory Tech Lab  
  25  2:59  Barracks Reactor  
  25  3:02  SCV  
  25  3:05  Marine  
  26  3:09  Factory Tech Lab  
  26  3:14  Liberator, SCV, Hellion  
  29  3:23  Supply Depot  
  29  3:26  SCV  
  33  3:44  Supply Depot  
  33  3:45  SCV  
  33  3:47  Barracks Reactor, Factory Tech Lab  
  34  4:40  SCV  
Show
View Real Time Build Order
Export as new Build Order

A.I. 1 (Very Easy) Protoss - Winner!

Build Orders:  

Get SALT Encoding   

  12  0:00  Probe  
  13  0:13  Probe  
  14  0:19  Pylon  
  14  0:37  Assimilator  
  14  0:42  Gateway  
  14  0:46  Pylon  
  14  1:13  Assimilator  
  14  1:16  Probe  
  14  1:25  Probe  
  16  1:33  Cybernetics Core, Probe  
  17  1:43  Probe  
  18  1:55  Probe  
  18  2:00  Warp Gate  
  19  2:03  Probe  
  20  2:10  Stalker  
  22  4:32  Stalker  
  22  4:34  Probe  
Tags
 
Add a new tag
Caveats
  • Supply blocks, unpowered buildings, or Contaminate may cause inaccurate times.
  • Supply counts are checked every 10 seconds.